Wild vs Blue Jackets
(R2)
Created - 26 novembre 2013 at 19:59
Goals
|
| Wild |
1 |
2 |
0 |
3 |
| Blue Jackets |
0 |
2 |
0 |
2 |
|
Shots
|
| Wild |
6 |
10 |
11 |
27 |
| Blue Jackets |
11 |
10 |
13 |
34 |
|
1st period
1. Wild , R.J. Umberger 5 (Chris Drury) at 4:30
Penalties :
Ales Kotalik (Clb) for Hooking (Minor) at 6:18, Greg Campbell (Clb) for Hooking (Minor) at 8:41, Jozef Stumpel (Min) for Hooking (Minor) at 12:49, Ales Kotalik (Clb) for Hooking (Minor) at 18:58
2nd period
2. Blue Jackets , Pavel Bure 6 (Marc Savard, Wade Redden) at 6:22
3. Wild , Vaclav Prospal 6 (Anson Carter, Fredrik Modin) at 10:06
4. Blue Jackets , Greg Campbell 3 (Jason Ward, Derek Morris) at 13:59
5. Wild , Jozef Stumpel 10 (Vaclav Prospal, Mike Green) at 15:10
Penalties :
Alexei Kovalev (Min) for Tripping (Minor) at 0:41, Derek Morris (Clb) for High sticking (Minor) at 6:08, Alexei Kovalev (Min) for Holding (Minor) at 6:08, David Booth (Clb) for Hooking (Minor) at 11:16, Jonathan Rheault (Min) for Boarding (Minor) at 11:16, Michael Frolik (Clb) for Hooking (Minor) at 18:51
3rd period
No Goal
Penalties :
Rod Brind'Amour (Min) for High sticking (Minor) at 1:54, Pavel Bure (Clb) for Hooking (Minor) at 7:09, Derek Morris (Clb) for Holding (Minor) at 9:49
Goalie Stats
Martin Brodeur (Min), 32 saves from 34 shots - (0,941), W, 11-4-0, 60:00 minutes
Miika Kiprusoff (Clb), 24 saves from 27 shots - (0,889), L, 4-10-2, 59:06 minutes
Players Stats for Wild
Player Name G A P +/- PIM S H SB GA TA FO MP PP MP PK MP
------------------------------------------------------------------------------------
Alexei Kovalev 0 0 0 1 4 0 2 1 0 0 2/2 18:04 6:13 0:00
Anson Carter 0 1 1 2 0 1 2 0 0 1 0/0 12:10 0:09 0:00
Brian Rolston 0 0 0 0 0 0 1 0 1 0 0/1 17:10 5:21 3:05
Chris Drury 0 1 1 0 0 7 0 1 1 2 9/25 21:16 6:15 1:47
Chris Higgins 0 0 0 0 0 3 3 0 0 0 0/0 12:10 0:59 2:04
Fredrik Modin 0 1 1 -1 0 0 0 0 0 0 0/0 6:59 0:00 0:18
Glen Metropolit 0 0 0 -1 0 1 0 0 0 0 4/6 10:30 0:43 1:45
Jonathan Rheault 0 0 0 -1 2 1 1 0 0 0 0/0 6:41 0:00 0:00
Jozef Stumpel 1 0 1 1 2 8 2 0 2 0 0/1 20:25 5:18 0:14
Mark Eaton 0 0 0 0 0 0 0 1 0 1 0/0 21:43 5:17 3:26
Mike Green 0 1 1 1 0 1 1 1 0 0 0/0 26:59 6:05 0:14
Nathan Dempsey 0 0 0 1 0 0 1 1 1 2 0/0 26:59 6:05 0:14
Niclas Wallin 0 0 0 0 0 0 0 0 0 0 0/0 20:04 5:17 2:01
R.J. Umberger 1 0 1 1 0 1 1 0 0 1 1/1 15:47 5:21 0:00
Rod Brind'Amour 0 0 0 0 2 0 1 2 0 0 4/7 11:24 0:00 2:09
Shane Hnidy 0 0 0 0 0 1 1 2 0 0 0/0 11:18 0:16 2:01
Vaclav Prospal 1 1 2 2 0 3 0 0 2 1 5/12 17:24 4:34 0:00
Willie Mitchell 0 0 0 0 0 0 1 2 0 1 0/0 12:57 0:16 3:26
Players Stats for Blue Jackets
Player Name G A P +/- PIM S H SB GA TA FO MP PP MP PK MP
------------------------------------------------------------------------------------
A.J Thelen 0 0 0 0 0 0 0 0 0 0 0/0 10:38 0:00 0:54
Ales Kotalik 0 0 0 0 4 1 3 2 0 0 0/1 14:54 3:20 0:00
Ben Guite 0 0 0 0 0 1 1 0 0 0 0/0 4:15 0:00 0:00
Brad Stuart 0 0 0 0 0 1 1 0 0 0 0/0 10:48 0:00 0:00
Branislav Mezei 0 0 0 0 0 3 1 2 0 3 0/0 28:06 3:24 6:42
D.J King 0 0 0 0 0 0 0 0 0 0 0/0 1:49 0:00 1:19
David Booth 0 0 0 0 2 1 1 0 3 0 1/1 19:22 2:21 3:41
Derek Morris 0 1 1 -1 4 2 1 0 0 1 0/0 20:19 2:17 4:02
Greg Campbell 1 0 1 -1 2 3 0 0 0 0 4/8 12:46 0:00 0:53
Jan Bulis 0 0 0 0 0 3 2 0 0 0 9/20 19:16 3:06 3:11
Jason Ward 0 1 1 -1 0 3 1 0 0 0 1/1 13:12 0:00 2:23
Kevin Bieksa 0 0 0 -1 0 2 1 3 0 0 0/0 22:10 2:17 4:56
Ladislav Nagy 0 0 0 -2 0 4 3 0 3 0 0/0 11:48 0:00 0:00
Marc Savard 0 1 1 0 0 2 2 1 0 2 15/24 26:03 2:35 6:41
Marcus Nilson 0 0 0 0 0 4 0 1 0 0 0/0 14:42 3:06 0:00
Michael Frolik 0 0 0 0 2 1 0 0 0 0 0/0 3:26 0:00 0:00
Pavel Bure 1 0 1 0 2 3 3 0 1 0 0/0 22:20 2:35 5:08
Wade Redden 0 1 1 0 0 0 3 1 2 1 0/0 28:06 3:24 6:42
3 Stars
1 - Vaclav Prospal (Min)
2 - R.J. Umberger (Min)
3 - Anson Carter (Min)
Power Play
Wild - 0 on 6 Attempt(s) - 0,00%
Blue Jackets - 0 on 3 Attempt(s) - 0,00%
Penalty Kill
Wild - 3 on 3 Attempt(s) - 100,00%
- Score 0 goal in Penalty Kill
Blue Jackets - 6 on 6 Attempt(s) - 100,00%
- Score 0 goal in Penalty Kill
Official
Referees : Hasenfratz Mike and Martell Rob
Linesman : Don Henderson and Jean Morin
Game Notes
No Game Note
Finance
Level 1 -- Attendance: 4895 (81,58%) -- Ticket Income 440 550 $
Level 2 -- Attendance: 4023 (80,46%) -- Ticket Income 221 265 $
Level 3 -- Attendance: 1694 (84,70%) -- Ticket Income 50 820 $
Level 4 -- Attendance: 3612 (90,30%) -- Ticket Income 72 240 $
Luxury Box -- Attendance: 646 (64,60%) -- Ticket Income 119 510 $
Game was played at the Ohio State Arena
Total Attendance: 14870 (82,61%)
Total Ticket Income: 904 385 $
Other Income: 135 658 $
Total Income: 1 040 043 $
Wild
5 vs 5 Forward
Center Left Wing Right Wing Time % Phy DF OF
1 Chris Drury R.J. Umberger Alexei Kovalev 40 1 0 4
2 Vaclav Prospal Jozef Stumpel Anson Carter 30 0 1 4
3 Rod Brind'Amour Chris Higgins Brian Rolston 20 1 1 3
4 Glen Metropolit Fredrik Modin Jonathan Rheault 10 2 2 1
5 vs 5 Defense
Defense Defense Time % Phy DF OF
1 Mike Green Nathan Dempsey 40 1 3 1
2 Mark Eaton Niclas Wallin 30 1 3 1
3 Shane Hnidy Willie Mitchell 20 1 3 1
4 Mike Green Nathan Dempsey 10 1 3 1
PowerPlay Forward
Center Left Wing Right Wing Time % Phy DF OF
1 Chris Drury Jozef Stumpel Alexei Kovalev 60 0 0 5
2 Vaclav Prospal R.J. Umberger Brian Rolston 40 0 0 5
PowerPlay Defense
Defense Defense Time % Phy DF OF
1 Mike Green Nathan Dempsey 60 0 2 3
2 Mark Eaton Niclas Wallin 40 0 2 3
Penalty Kill 4 Players Forward
Center Wing Time % Phy DF OF
1 Rod Brind'Amour Brian Rolston 60 1 4 0
2 Glen Metropolit Chris Higgins 40 1 4 0
Penalty Kill 4 Players Defense
Defense Defense Time % Phy DF OF
1 Willie Mitchell Mark Eaton 60 2 3 0
2 Shane Hnidy Niclas Wallin 40 2 3 0
Penalty Kill - 3 Players Forward
Forward Time % Phy DF OF
1 Chris Drury 60 1 4 0
2 Jozef Stumpel 40 1 4 0
Penalty Kill - 3 Players Defense
Defense Defense Time % Phy DF OF
1 Willie Mitchell Mark Eaton 60 2 3 0
2 Shane Hnidy Niclas Wallin 40 2 3 0
4 vs 4 Forward
Center Wing Time % Phy DF OF
1 Chris Drury Jozef Stumpel 60 1 1 3
2 Vaclav Prospal Alexei Kovalev 40 1 1 3
4 vs 4 Defense
Defense Defense Time % Phy DF OF
1 Mike Green Nathan Dempsey 60 1 3 1
2 Mark Eaton Niclas Wallin 40 1 3 1
Last Minutes Offensive
Center Left Wing Right Wing Defense Defense
Chris Drury Jozef Stumpel Alexei Kovalev Mike Green Nathan Dempsey
Last Minutes Defensive
Center Left Wing Right Wing Defense Defense
Rod Brind'Amour Glen Metropolit Brian Rolston Mark Eaton Niclas Wallin
Goaltenders
Starting : Martin Brodeur
Backup : Julien Ellis
Extra Forwards
Normal : Chris Drury, Alexei Kovalev, Jozef Stumpel - PP : Chris Drury, Alexei Kovalev - PK : Rod Brind'Amour
Extra Defensemen
Normal : Mike Green, Nathan Dempsey, Shane Hnidy - PP : Mike Green - PK : Willie Mitchell, Mark Eaton
Penalty Shots
Chris Drury, Jozef Stumpel, Vaclav Prospal, Alexei Kovalev, R.J. Umberger
Blue Jackets
5 vs 5 Forward
Center Left Wing Right Wing Time % Phy DF OF
1 Marc Savard David Booth Pavel Bure 40 1 2 2
2 Jan Bulis Marcus Nilson Ales Kotalik 30 1 2 2
3 Greg Campbell Ladislav Nagy Jason Ward 20 1 2 2
4 Marc Savard Michael Frolik Ben Guite 10 1 2 2
5 vs 5 Defense
Defense Defense Time % Phy DF OF
1 Wade Redden Branislav Mezei 40 1 2 2
2 Kevin Bieksa Derek Morris 30 1 2 2
3 Brad Stuart A.J Thelen 20 1 2 2
4 Wade Redden Branislav Mezei 10 1 2 2
PowerPlay Forward
Center Left Wing Right Wing Time % Phy DF OF
1 Marc Savard David Booth Pavel Bure 60 1 2 2
2 Jan Bulis Marcus Nilson Ales Kotalik 40 1 2 2
PowerPlay Defense
Defense Defense Time % Phy DF OF
1 Wade Redden Branislav Mezei 60 1 2 2
2 Kevin Bieksa Derek Morris 40 1 2 2
Penalty Kill 4 Players Forward
Center Wing Time % Phy DF OF
1 Marc Savard Pavel Bure 60 1 2 2
2 Jan Bulis David Booth 40 1 2 2
Penalty Kill 4 Players Defense
Defense Defense Time % Phy DF OF
1 Wade Redden Branislav Mezei 60 1 2 2
2 Kevin Bieksa Derek Morris 40 1 2 2
Penalty Kill - 3 Players Forward
Forward Time % Phy DF OF
1 Marc Savard 60 1 2 2
2 Pavel Bure 40 1 2 2
Penalty Kill - 3 Players Defense
Defense Defense Time % Phy DF OF
1 Wade Redden Branislav Mezei 60 1 2 2
2 Kevin Bieksa Derek Morris 40 1 2 2
4 vs 4 Forward
Center Wing Time % Phy DF OF
1 Marc Savard Pavel Bure 60 1 2 2
2 Jan Bulis David Booth 40 1 2 2
4 vs 4 Defense
Defense Defense Time % Phy DF OF
1 Wade Redden Branislav Mezei 60 1 2 2
2 Kevin Bieksa Derek Morris 40 1 2 2
Last Minutes Offensive
Center Left Wing Right Wing Defense Defense
Marc Savard David Booth Pavel Bure Wade Redden Branislav Mezei
Last Minutes Defensive
Center Left Wing Right Wing Defense Defense
Marc Savard David Booth Pavel Bure Wade Redden Branislav Mezei
Goaltenders
Starting : Miika Kiprusoff
Backup : Jaroslav Halak
Extra Forwards
Normal : Ladislav Nagy, Greg Campbell, Jason Ward - PP : Ladislav Nagy, Greg Campbell - PK : Jason Ward
Extra Defensemen
Normal : Brad Stuart, A.J Thelen, Kevin Bieksa - PP : Brad Stuart - PK : A.J Thelen, Kevin Bieksa
Penalty Shots
Marc Savard, Pavel Bure, Jan Bulis, David Booth, Marcus Nilson
% Time on Ice - Wild
Lines # - Real PCT - Wanted PCT - Time Play
Normal Forward
1 - 31% - 40% - 11:29
2 - 32% - 30% - 11:50
3 - 20% - 20% - 7:27
4 - 18% - 10% - 6:41
Normal Defense
1 - 43% - 40% - 16:04
2 - 30% - 30% - 11:22
3 - 22% - 20% - 8:13
4 - 5% - 10% - 1:48
PP Forward
1 - 54% - 60% - 6:17
2 - 46% - 40% - 5:21
PP Defense
1 - 55% - 60% - 6:21
2 - 45% - 40% - 5:17
PK Forward
1 - 82% - 60% - 4:40
2 - 18% - 40% - 1:01
PK Defense
1 - 65% - 60% - 3:40
2 - 35% - 40% - 2:01
PK3 Forward
1 - 0% - 60%
2 - 0% - 40%
PK3 Defense
1 - 0% - 60%
2 - 0% - 40%
44 Forward
1 - 76% - 60% - 3:14
2 - 24% - 40% - 1:00
44 Defense
1 - 73% - 60% - 3:05
2 - 27% - 40% - 1:09
Last Minute Offensive - 0:00
Last Minute Defensive - 1:00
Total
Forward - 60:00
Defense - 60:00
|
% Time on Ice - Blue Jackets
Lines # - Real PCT - Wanted PCT - Time Play
Normal Forward
1 - 32% - 40% - 11:52
2 - 35% - 30% - 13:07
3 - 24% - 20% - 9:10
4 - 9% - 10% - 3:21
Normal Defense
1 - 35% - 40% - 13:08
2 - 35% - 30% - 13:05
3 - 26% - 20% - 9:44
4 - 4% - 10% - 1:33
PP Forward
1 - 45% - 60% - 2:35
2 - 55% - 40% - 3:06
PP Defense
1 - 60% - 60% - 3:24
2 - 40% - 40% - 2:17
PK Forward
1 - 73% - 60% - 8:27
2 - 27% - 40% - 3:11
PK Defense
1 - 58% - 60% - 6:42
2 - 42% - 40% - 4:56
PK3 Forward
1 - 0% - 60%
2 - 0% - 40%
PK3 Defense
1 - 0% - 60%
2 - 0% - 40%
44 Forward
1 - 72% - 60% - 3:03
2 - 28% - 40% - 1:11
44 Defense
1 - 56% - 60% - 2:22
2 - 44% - 40% - 1:52
Last Minute Offensive - 0:57
Last Minute Defensive - 0:00
Total
Forward - 60:00
Defense - 60:00
|
Play by Play
1st period
0:01 of 1st period - Marc Savard wins face-off versus Chris Drury in neutral zone.
0:04 of 1st period - Chris Drury is hit by Marc Savard and loses puck.
0:25 of 1st period - Branislav Mezei is hit by Anson Carter and loses puck.
0:48 of 1st period - Greg Campbell is hit by Brian Rolston and loses puck.
1:31 of 1st period - Snap shot by Marcus Nilson.
1:31 of 1st period - Stopped by Martin Brodeur with a rebound.
2:00 of 1st period - R.J. Umberger is hit by David Booth and loses puck.
2:19 of 1st period - Snap shot by Jozef Stumpel.
2:19 of 1st period - Stopped by Miika Kiprusoff without a rebound.
2:20 of 1st period - Jason Ward wins face-off versus Vaclav Prospal in Blue Jackets zone.
2:31 of 1st period - Snap shot by Vaclav Prospal.
2:31 of 1st period - Stopped by Miika Kiprusoff without a rebound.
2:32 of 1st period - Marc Savard wins face-off versus Rod Brind'Amour in Blue Jackets zone.
3:15 of 1st period - Slapshot by Wade Redden.
3:15 of 1st period - Shot Blocked by Shane Hnidy.
4:02 of 1st period - Snap shot by Ales Kotalik.
4:02 of 1st period - Deflect By Marcus Nilson.
4:02 of 1st period - Stopped by Martin Brodeur with a rebound.
4:14 of 1st period - Snap shot by Jozef Stumpel.
4:14 of 1st period - Shot Blocked by Kevin Bieksa.
4:16 of 1st period - Wrist shot by Willie Mitchell.
4:16 of 1st period - Shot Misses the Net.
4:22 of 1st period - Slapshot by Vaclav Prospal.
4:22 of 1st period - Shot Blocked by Marc Savard.
4:24 of 1st period - Slapshot by Jozef Stumpel.
4:24 of 1st period - Deflect By Marc Savard.
4:24 of 1st period - Shot Misses the Net.
4:24 of 1st period - Puck is out of play.
4:25 of 1st period - Chris Drury wins face-off versus Greg Campbell in Blue Jackets zone.
4:30 of 1st period - Wrist shot by R.J. Umberger.
4:30 of 1st period - Goal by R.J. Umberger - Wild : 1 - Blue Jackets : 0.
4:31 of 1st period - Vaclav Prospal wins face-off versus Marc Savard in neutral zone.
4:31 of 1st period - Vaclav Prospal is hit by Branislav Mezei.
4:35 of 1st period - Slapshot by Vaclav Prospal.
4:35 of 1st period - Shot Misses the Net.
4:37 of 1st period - Snap shot by Jozef Stumpel.
4:37 of 1st period - Stopped by Miika Kiprusoff without a rebound.
4:38 of 1st period - Marc Savard wins face-off versus Vaclav Prospal in Blue Jackets zone.
4:45 of 1st period - Slapshot by Pavel Bure.
4:45 of 1st period - Deflect By Marc Savard.
4:45 of 1st period - Stopped by Martin Brodeur with a rebound.
5:22 of 1st period - Snap shot by Anson Carter.
5:22 of 1st period - Shot Hit the Post.
5:24 of 1st period - Backhand shot by Nathan Dempsey.
5:24 of 1st period - Shot Blocked by Branislav Mezei.
5:45 of 1st period - Icing by Mike Green.
5:46 of 1st period - Jan Bulis wins face-off versus Vaclav Prospal in Wild zone.
6:18 of 1st period - Minor Penalty to Ales Kotalik for Hooking.
6:19 of 1st period - Marc Savard wins face-off versus Chris Drury in Blue Jackets zone.
7:35 of 1st period - Mark Eaton is hit by Derek Morris and loses puck.
8:18 of 1st period - Penalty to Ales Kotalik is over, Ales Kotalik is back on ice.
8:28 of 1st period - Wrist shot by Ales Kotalik.
8:28 of 1st period - Shot Misses the Net.
8:30 of 1st period - Slapshot by Kevin Bieksa.
8:30 of 1st period - Stopped by Martin Brodeur without a rebound.
8:31 of 1st period - Greg Campbell wins face-off versus Glen Metropolit in Wild zone.
8:36 of 1st period - Wrist shot by Ladislav Nagy.
8:36 of 1st period - Stopped by Martin Brodeur without a rebound.
8:37 of 1st period - Greg Campbell wins face-off versus Rod Brind'Amour in Wild zone.
8:40 of 1st period - Wrist shot by Ladislav Nagy.
8:40 of 1st period - Shot Misses the Net.
8:41 of 1st period - Minor Penalty to Greg Campbell for Hooking.
8:42 of 1st period - Marc Savard wins face-off versus Chris Drury in Blue Jackets zone.
8:51 of 1st period - Wade Redden is hit by Nathan Dempsey and loses puck.
8:58 of 1st period - Wrist shot by Chris Drury.
8:58 of 1st period - Stopped by Miika Kiprusoff with a rebound.
9:08 of 1st period - Vaclav Prospal is hit by Wade Redden and loses puck.
9:21 of 1st period - Snap shot by Jan Bulis.
9:21 of 1st period - Shot Misses the Net.
10:41 of 1st period - Penalty to Greg Campbell is over, Greg Campbell is back on ice.
11:53 of 1st period - Jozef Stumpel is hit by Jason Ward and loses puck.
12:49 of 1st period - Minor Penalty to Jozef Stumpel for Hooking.
12:50 of 1st period - Rod Brind'Amour wins face-off versus Marc Savard in Wild zone.
13:23 of 1st period - Snap shot by Jan Bulis.
13:23 of 1st period - Stopped by Martin Brodeur with a rebound.
13:39 of 1st period - Snap shot by Chris Higgins.
13:39 of 1st period - Shot Misses the Net.
13:41 of 1st period - Slapshot by Chris Higgins.
13:41 of 1st period - Stopped by Miika Kiprusoff with a rebound.
13:52 of 1st period - Off-side.
13:53 of 1st period - Rod Brind'Amour wins face-off versus Jan Bulis in neutral zone.
14:06 of 1st period - Wrist shot by Kevin Bieksa.
14:06 of 1st period - Deflect By Ales Kotalik.
14:06 of 1st period - Shot Misses the Net.
14:06 of 1st period - Puck is out of play.
14:07 of 1st period - Glen Metropolit wins face-off versus Jan Bulis in Wild zone.
14:07 of 1st period - Glen Metropolit is hit by Jan Bulis.
14:31 of 1st period - Rod Brind'Amour is hit by Ales Kotalik and loses puck.
14:49 of 1st period - Penalty to Jozef Stumpel is over, Jozef Stumpel is back on ice.
15:41 of 1st period - Snap shot by Glen Metropolit.
15:41 of 1st period - Shot Misses the Net.
15:57 of 1st period - Slapshot by Ladislav Nagy.
15:57 of 1st period - Stopped by Martin Brodeur without a rebound.
15:58 of 1st period - Vaclav Prospal wins face-off versus Greg Campbell in Wild zone.
15:58 of 1st period - Jozef Stumpel is hit by Ladislav Nagy.
16:26 of 1st period - Snap shot by Ales Kotalik.
16:26 of 1st period - Stopped by Martin Brodeur without a rebound.
16:27 of 1st period - Jan Bulis wins face-off versus Chris Drury in Wild zone.
16:28 of 1st period - Snap shot by Marcus Nilson.
16:28 of 1st period - Shot Blocked by Alexei Kovalev.
17:15 of 1st period - Wrist shot by Ladislav Nagy.
17:15 of 1st period - Shot Misses the Net.
17:17 of 1st period - Slapshot by Jason Ward.
17:17 of 1st period - Stopped by Martin Brodeur with a rebound.
17:19 of 1st period - Snap shot by Jason Ward.
17:19 of 1st period - Stopped by Martin Brodeur with a rebound.
17:21 of 1st period - Snap shot by Brad Stuart.
17:21 of 1st period - Stopped by Martin Brodeur with a rebound.
18:40 of 1st period - Wrist shot by Michael Frolik.
18:40 of 1st period - Shot Misses the Net.
18:54 of 1st period - Wade Redden is hit by Willie Mitchell and loses puck.
18:58 of 1st period - Minor Penalty to Ales Kotalik for Hooking.
18:59 of 1st period - Marc Savard wins face-off versus Chris Drury in Blue Jackets zone.
19:08 of 1st period - Pavel Bure is hit by Alexei Kovalev and loses puck.
2nd period
0:01 of 2nd period - Chris Drury wins face-off versus Marc Savard in neutral zone.
0:04 of 2nd period - Pavel Bure is hit by Mike Green and loses puck.
0:41 of 2nd period - Minor Penalty to Alexei Kovalev for Tripping.
0:42 of 2nd period - Marc Savard wins face-off versus Chris Drury in Wild zone.
0:58 of 2nd period - Penalty to Ales Kotalik is over, Ales Kotalik is back on ice.
1:07 of 2nd period - Slapshot by Marc Savard.
1:07 of 2nd period - Deflect By Pavel Bure.
1:07 of 2nd period - Stopped by Martin Brodeur with a rebound.
1:11 of 2nd period - Slapshot by Marc Savard.
1:11 of 2nd period - Stopped by Martin Brodeur without a rebound.
1:12 of 2nd period - Jan Bulis wins face-off versus Rod Brind'Amour in Wild zone.
2:05 of 2nd period - Shane Hnidy is hit by Pavel Bure and loses puck.
2:41 of 2nd period - Penalty to Alexei Kovalev is over, Alexei Kovalev is back on ice.
3:28 of 2nd period - Icing by Greg Campbell.
3:29 of 2nd period - Jan Bulis wins face-off versus Glen Metropolit in Blue Jackets zone.
4:16 of 2nd period - Slapshot by Branislav Mezei.
4:16 of 2nd period - Stopped by Martin Brodeur without a rebound.
4:17 of 2nd period - Greg Campbell wins face-off versus Vaclav Prospal in Wild zone.
4:42 of 2nd period - Snap shot by Marcus Nilson.
4:42 of 2nd period - Stopped by Martin Brodeur without a rebound.
4:43 of 2nd period - Chris Drury wins face-off versus Jan Bulis in Wild zone.
4:50 of 2nd period - Slapshot by Nathan Dempsey.
4:50 of 2nd period - Shot Blocked by Wade Redden.
5:10 of 2nd period - Pavel Bure is hit by Chris Higgins and loses puck.
5:33 of 2nd period - Slapshot by Jason Ward.
5:33 of 2nd period - Stopped by Martin Brodeur with a rebound.
5:37 of 2nd period - Snap shot by Greg Campbell.
5:37 of 2nd period - Stopped by Martin Brodeur with a rebound.
5:39 of 2nd period - Slapshot by Kevin Bieksa.
5:39 of 2nd period - Shot Misses the Net.
6:01 of 2nd period - Snap shot by Glen Metropolit.
6:01 of 2nd period - Stopped by Miika Kiprusoff with a rebound.
6:08 of 2nd period - Minor Penalty to Derek Morris for High sticking.
6:08 of 2nd period - Minor Penalty to Alexei Kovalev for Holding.
6:09 of 2nd period - Marc Savard wins face-off versus Chris Drury in neutral zone.
6:22 of 2nd period - Snap shot by Pavel Bure.
6:22 of 2nd period - Goal by Pavel Bure - Wild : 1 - Blue Jackets : 1.
6:23 of 2nd period - Chris Drury wins face-off versus Marc Savard in neutral zone.
6:26 of 2nd period - Snap shot by Chris Drury.
6:26 of 2nd period - Stopped by Miika Kiprusoff without a rebound.
6:27 of 2nd period - Marc Savard wins face-off versus Chris Drury in Blue Jackets zone.
6:30 of 2nd period - Wrist shot by Jozef Stumpel.
6:30 of 2nd period - Stopped by Miika Kiprusoff with a rebound.
7:03 of 2nd period - Jan Bulis is hit by Chris Higgins and loses puck.
8:08 of 2nd period - Penalty to Derek Morris is over, Derek Morris is back on ice.
8:08 of 2nd period - Penalty to Alexei Kovalev is over, Alexei Kovalev is back on ice.
8:13 of 2nd period - Off-side.
8:14 of 2nd period - Glen Metropolit wins face-off versus Jan Bulis in neutral zone.
8:17 of 2nd period - Slapshot by Shane Hnidy.
8:17 of 2nd period - Stopped by Miika Kiprusoff with a rebound.
8:56 of 2nd period - Pavel Bure is hit by Jozef Stumpel and loses puck.
9:03 of 2nd period - Nathan Dempsey is hit by Pavel Bure and loses puck.
9:31 of 2nd period - Marcus Nilson is hit by Rod Brind'Amour and loses puck.
10:06 of 2nd period - Wrist shot by Anson Carter.
10:06 of 2nd period - Deflect By Vaclav Prospal.
10:06 of 2nd period - Goal by Vaclav Prospal - Wild : 2 - Blue Jackets : 1.
10:07 of 2nd period - David Booth wins face-off versus Chris Drury in neutral zone.
11:16 of 2nd period - Minor Penalty to David Booth for Hooking.
11:16 of 2nd period - Minor Penalty to Jonathan Rheault for Boarding.
11:17 of 2nd period - Chris Drury wins face-off versus Marc Savard in Wild zone.
12:06 of 2nd period - Chris Drury is hit by Ladislav Nagy and loses puck.
12:30 of 2nd period - Icing by Vaclav Prospal.
12:31 of 2nd period - Alexei Kovalev wins face-off versus Jan Bulis in Wild zone.
12:42 of 2nd period - Slapshot by Mike Green.
12:42 of 2nd period - Deflect By Chris Higgins.
12:42 of 2nd period - Stopped by Miika Kiprusoff with a rebound.
12:44 of 2nd period - Slapshot by Nathan Dempsey.
12:44 of 2nd period - Shot Misses the Net.
13:16 of 2nd period - Penalty to David Booth is over, David Booth is back on ice.
13:16 of 2nd period - Penalty to Jonathan Rheault is over, Jonathan Rheault is back on ice.
13:20 of 2nd period - David Booth is hit by Chris Higgins and loses puck.
13:27 of 2nd period - Wrist shot by Rod Brind'Amour.
13:27 of 2nd period - Shot Misses the Net.
13:29 of 2nd period - Snap shot by Niclas Wallin.
13:29 of 2nd period - Shot Blocked by Kevin Bieksa.
13:31 of 2nd period - Wrist shot by Rod Brind'Amour.
13:31 of 2nd period - Shot Misses the Net.
13:59 of 2nd period - Wrist shot by Greg Campbell.
13:59 of 2nd period - Goal by Greg Campbell - Wild : 2 - Blue Jackets : 2.
14:00 of 2nd period - R.J. Umberger wins face-off versus Jan Bulis in neutral zone.
14:31 of 2nd period - Snap shot by Branislav Mezei.
14:31 of 2nd period - Stopped by Martin Brodeur without a rebound.
14:32 of 2nd period - Marc Savard wins face-off versus Vaclav Prospal in Wild zone.
15:10 of 2nd period - Snap shot by Jozef Stumpel.
15:10 of 2nd period - Goal by Jozef Stumpel - Wild : 3 - Blue Jackets : 2.
15:11 of 2nd period - Chris Drury wins face-off versus Marc Savard in neutral zone.
15:24 of 2nd period - Wrist shot by Alexei Kovalev.
15:24 of 2nd period - Shot Blocked by Branislav Mezei.
15:44 of 2nd period - Snap shot by Greg Campbell.
15:44 of 2nd period - Shot Misses the Net.
15:46 of 2nd period - Wrist shot by Greg Campbell.
15:46 of 2nd period - Shot Misses the Net.
15:48 of 2nd period - Snap shot by Ladislav Nagy.
15:48 of 2nd period - Shot Blocked by Chris Drury.
15:58 of 2nd period - Mike Green is hit by Ales Kotalik and loses puck.
16:24 of 2nd period - Niclas Wallin is hit by Marc Savard and loses puck.
17:03 of 2nd period - Snap shot by Jozef Stumpel.
17:03 of 2nd period - Deflect By Anson Carter.
17:03 of 2nd period - Shot Misses the Net.
17:03 of 2nd period - Puck is out of play.
17:04 of 2nd period - Jan Bulis wins face-off versus Vaclav Prospal in Blue Jackets zone.
17:04 of 2nd period - Jan Bulis is hit by Jozef Stumpel.
17:30 of 2nd period - Pavel Bure is hit by Shane Hnidy and loses puck.
17:39 of 2nd period - Wrist shot by Chris Drury.
17:39 of 2nd period - Stopped by Miika Kiprusoff without a rebound.
17:40 of 2nd period - Jan Bulis wins face-off versus Chris Drury in Blue Jackets zone.
18:12 of 2nd period - Backhand shot by Derek Morris.
18:12 of 2nd period - Stopped by Martin Brodeur with a rebound.
18:36 of 2nd period - Wrist shot by Ladislav Nagy.
18:36 of 2nd period - Shot Blocked by Mark Eaton.
18:51 of 2nd period - Minor Penalty to Michael Frolik for Hooking.
18:52 of 2nd period - Chris Drury wins face-off versus Marc Savard in Blue Jackets zone.
18:55 of 2nd period - Wrist shot by Chris Drury.
18:55 of 2nd period - Stopped by Miika Kiprusoff with a rebound.
18:57 of 2nd period - Slapshot by Nathan Dempsey.
18:57 of 2nd period - Shot Misses the Net.
18:59 of 2nd period - Wrist shot by Jozef Stumpel.
18:59 of 2nd period - Stopped by Miika Kiprusoff with a rebound.
19:01 of 2nd period - Slapshot by Mike Green.
19:01 of 2nd period - Shot Misses the Net.
3rd period
0:01 of 3rd period - Marc Savard wins face-off versus Jozef Stumpel in neutral zone.
0:32 of 3rd period - Wrist shot by R.J. Umberger.
0:32 of 3rd period - Shot Misses the Net.
0:51 of 3rd period - Penalty to Michael Frolik is over, Michael Frolik is back on ice.
1:06 of 3rd period - Slapshot by Ladislav Nagy.
1:06 of 3rd period - Stopped by Martin Brodeur with a rebound.
1:08 of 3rd period - Snap shot by Ladislav Nagy.
1:08 of 3rd period - Stopped by Martin Brodeur without a rebound.
1:09 of 3rd period - Alexei Kovalev wins face-off versus Jan Bulis in Wild zone.
1:15 of 3rd period - Off-side.
1:16 of 3rd period - Chris Drury wins face-off versus Jan Bulis in neutral zone.
1:19 of 3rd period - Snap shot by Chris Drury.
1:19 of 3rd period - Stopped by Miika Kiprusoff without a rebound.
1:20 of 3rd period - Chris Drury wins face-off versus Marc Savard in Blue Jackets zone.
1:54 of 3rd period - Minor Penalty to Rod Brind'Amour for High sticking.
1:55 of 3rd period - Jan Bulis wins face-off versus Brian Rolston in Wild zone.
2:00 of 3rd period - Snap shot by Jan Bulis.
2:00 of 3rd period - Stopped by Martin Brodeur with a rebound.
2:02 of 3rd period - Slapshot by Wade Redden.
2:02 of 3rd period - Deflect By Jan Bulis.
2:02 of 3rd period - Stopped by Martin Brodeur without a rebound.
2:03 of 3rd period - Jan Bulis wins face-off versus Chris Drury in Wild zone.
2:04 of 3rd period - Slapshot by Marcus Nilson.
2:04 of 3rd period - Shot Blocked by Willie Mitchell.
2:06 of 3rd period - Snap shot by Marcus Nilson.
2:06 of 3rd period - Stopped by Martin Brodeur with a rebound.
3:44 of 3rd period - Mark Eaton is hit by Pavel Bure and loses puck.
3:54 of 3rd period - Penalty to Rod Brind'Amour is over, Rod Brind'Amour is back on ice.
4:05 of 3rd period - Slapshot by Vaclav Prospal.
4:05 of 3rd period - Stopped by Miika Kiprusoff without a rebound.
4:06 of 3rd period - Vaclav Prospal wins face-off versus Greg Campbell in Blue Jackets zone.
4:07 of 3rd period - Slapshot by Jozef Stumpel.
4:07 of 3rd period - Stopped by Miika Kiprusoff with a rebound.
4:09 of 3rd period - Slapshot by Mike Green.
4:09 of 3rd period - Stopped by Miika Kiprusoff without a rebound.
4:10 of 3rd period - Greg Campbell wins face-off versus Vaclav Prospal in Blue Jackets zone.
4:19 of 3rd period - Wrist shot by Vaclav Prospal.
4:19 of 3rd period - Shot Misses the Net.
4:21 of 3rd period - Snap shot by Jozef Stumpel.
4:21 of 3rd period - Shot Misses the Net.
4:23 of 3rd period - Wrist shot by Jozef Stumpel.
4:23 of 3rd period - Stopped by Miika Kiprusoff without a rebound.
4:24 of 3rd period - Marc Savard wins face-off versus Chris Drury in Blue Jackets zone.
4:45 of 3rd period - Branislav Mezei is hit by Alexei Kovalev and loses puck.
5:35 of 3rd period - Off-side.
5:36 of 3rd period - Vaclav Prospal wins face-off versus Jan Bulis in neutral zone.
5:41 of 3rd period - Wrist shot by Anson Carter.
5:41 of 3rd period - Shot Blocked by Ales Kotalik.
5:47 of 3rd period - Wrist shot by Vaclav Prospal.
5:47 of 3rd period - Shot Blocked by Kevin Bieksa.
5:49 of 3rd period - Slapshot by Jozef Stumpel.
5:49 of 3rd period - Stopped by Miika Kiprusoff without a rebound.
5:50 of 3rd period - Rod Brind'Amour wins face-off versus Jan Bulis in Blue Jackets zone.
6:20 of 3rd period - Snap shot by Derek Morris.
6:20 of 3rd period - Stopped by Martin Brodeur with a rebound.
6:22 of 3rd period - Wrist shot by Ladislav Nagy.
6:22 of 3rd period - Deflect By Jason Ward.
6:22 of 3rd period - Shot Misses the Net.
6:22 of 3rd period - Puck is out of play.
6:23 of 3rd period - Vaclav Prospal wins face-off versus Greg Campbell in Wild zone.
6:38 of 3rd period - Jason Ward is hit by Anson Carter and loses puck.
6:49 of 3rd period - Mike Green is hit by Wade Redden and loses puck.
6:58 of 3rd period - Snap shot by Jan Bulis.
6:58 of 3rd period - Shot Blocked by Nathan Dempsey.
7:00 of 3rd period - Slapshot by Brad Stuart.
7:00 of 3rd period - Deflect By Jan Bulis.
7:00 of 3rd period - Shot Blocked by Rod Brind'Amour.
7:00 of 3rd period - Puck is out of play.
7:01 of 3rd period - Marc Savard wins face-off versus Chris Drury in Wild zone.
7:09 of 3rd period - Minor Penalty to Pavel Bure for Hooking.
7:10 of 3rd period - Marc Savard wins face-off versus Chris Drury in Blue Jackets zone.
7:25 of 3rd period - Snap shot by Chris Drury.
7:25 of 3rd period - Shot Misses the Net.
7:35 of 3rd period - R.J. Umberger is hit by Wade Redden and loses puck.
8:12 of 3rd period - Derek Morris is hit by R.J. Umberger and loses puck.
9:09 of 3rd period - Penalty to Pavel Bure is over, Pavel Bure is back on ice.
9:34 of 3rd period - Rod Brind'Amour is hit by Ladislav Nagy and loses puck.
9:43 of 3rd period - Wrist shot by Michael Frolik.
9:43 of 3rd period - Stopped by Martin Brodeur without a rebound.
9:44 of 3rd period - Glen Metropolit wins face-off versus Ales Kotalik in Wild zone.
9:44 of 3rd period - Glen Metropolit is hit by Ales Kotalik.
9:49 of 3rd period - Minor Penalty to Derek Morris for Holding.
9:50 of 3rd period - Marc Savard wins face-off versus Chris Drury in Blue Jackets zone.
10:03 of 3rd period - Slapshot by Chris Drury.
10:03 of 3rd period - Stopped by Miika Kiprusoff with a rebound.
10:05 of 3rd period - Slapshot by Chris Drury.
10:05 of 3rd period - Stopped by Miika Kiprusoff with a rebound.
11:49 of 3rd period - Penalty to Derek Morris is over, Derek Morris is back on ice.
11:54 of 3rd period - Icing by Greg Campbell.
11:55 of 3rd period - Glen Metropolit wins face-off versus Jan Bulis in Blue Jackets zone.
12:04 of 3rd period - Wrist shot by Fredrik Modin.
12:04 of 3rd period - Shot Misses the Net.
12:06 of 3rd period - Slapshot by Fredrik Modin.
12:06 of 3rd period - Shot Blocked by Ales Kotalik.
12:08 of 3rd period - Slapshot by Shane Hnidy.
12:08 of 3rd period - Shot Misses the Net.
12:10 of 3rd period - Snap shot by Jonathan Rheault.
12:10 of 3rd period - Stopped by Miika Kiprusoff with a rebound.
12:24 of 3rd period - Slapshot by Anson Carter.
12:24 of 3rd period - Stopped by Miika Kiprusoff with a rebound.
12:26 of 3rd period - Wrist shot by Jozef Stumpel.
12:26 of 3rd period - Shot Misses the Net.
13:38 of 3rd period - Nathan Dempsey is hit by Ben Guite and loses puck.
13:57 of 3rd period - Snap shot by Ladislav Nagy.
13:57 of 3rd period - Shot Misses the Net.
14:49 of 3rd period - Wrist shot by Ladislav Nagy.
14:49 of 3rd period - Shot Misses the Net.
14:51 of 3rd period - Slapshot by Branislav Mezei.
14:51 of 3rd period - Shot Blocked by Willie Mitchell.
14:53 of 3rd period - Snap shot by Greg Campbell.
14:53 of 3rd period - Stopped by Martin Brodeur with a rebound.
14:55 of 3rd period - Snap shot by Ladislav Nagy.
14:55 of 3rd period - Deflect By Chris Higgins.
14:55 of 3rd period - Shot Misses the Net.
14:55 of 3rd period - Puck is out of play.
14:56 of 3rd period - Jan Bulis wins face-off versus Chris Drury in Wild zone.
15:03 of 3rd period - Slapshot by Mark Eaton.
15:03 of 3rd period - Shot Blocked by Marcus Nilson.
15:21 of 3rd period - Vaclav Prospal is hit by Kevin Bieksa.
15:27 of 3rd period - Slapshot by Pavel Bure.
15:27 of 3rd period - Shot Misses the Net.
15:47 of 3rd period - Mike Green is hit by Jan Bulis and loses puck.
16:43 of 3rd period - Backhand shot by Kevin Bieksa.
16:43 of 3rd period - Stopped by Martin Brodeur with a rebound.
16:45 of 3rd period - Snap shot by Ben Guite.
16:45 of 3rd period - Stopped by Martin Brodeur with a rebound.
16:47 of 3rd period - Slapshot by Derek Morris.
16:47 of 3rd period - Shot Blocked by Shane Hnidy.
17:28 of 3rd period - Wrist shot by Vaclav Prospal.
17:28 of 3rd period - Shot Misses the Net.
17:42 of 3rd period - Wrist shot by Chris Higgins.
17:42 of 3rd period - Stopped by Miika Kiprusoff with a rebound.
17:59 of 3rd period - Ben Guite is hit by Jonathan Rheault and loses puck.
18:19 of 3rd period - R.J. Umberger is hit by Brad Stuart and loses puck.
19:06 of 3rd period - Blue Jackets, Miika Kiprusoff is pulled from the net.
19:08 of 3rd period - Wrist shot by Marc Savard.
19:08 of 3rd period - Shot Misses the Net.
19:16 of 3rd period - Wrist shot by Pavel Bure.
19:16 of 3rd period - Stopped by Martin Brodeur with a rebound.
19:18 of 3rd period - Snap shot by Branislav Mezei.
19:18 of 3rd period - Shot Blocked by Rod Brind'Amour.
19:20 of 3rd period - Wrist shot by David Booth.
19:20 of 3rd period - Stopped by Martin Brodeur with a rebound.
19:26 of 3rd period - Wrist shot by Marc Savard.
19:26 of 3rd period - Shot Blocked by Mike Green.
19:42 of 3rd period - Snap shot by David Booth.
19:42 of 3rd period - Shot Misses the Net.
19:44 of 3rd period - Snap shot by Branislav Mezei.
19:44 of 3rd period - Stopped by Martin Brodeur without a rebound.
19:45 of 3rd period - Peter Laviolette call a timeout for Blue Jackets.
19:45 of 3rd period - Rod Brind'Amour wins face-off versus Marc Savard in Wild zone.
Output by the SimonT Hockey Simulator (STHS) for François Prévost -- Original Page W3C XHTML 1.0 Valid